 Dungeon Crawl Stone Soup version 0.22-a0-305-gd21a89c (webtiles) character file.

6894 Amnesiac the Fetichist (level 10, -1/46 HPs)
             Began as a Spriggan Gladiator on Mar 31, 2018.
             Was an Initiate of Gozag.
             Hit by a poisoned tomahawk thrown by an orc warrior (15 damage)
             ... led by an orc warlord
             ... on level 1 of the Orcish Mines.
             The game lasted 00:20:20 (9870 turns).

Amnesiac the Fetichist (Spriggan Gladiator)         Turns: 9870, Time: 00:20:20

Health: -1/46      AC:  7    Str: 13    XL:     10   Next: 79%
Magic:  22/22      EV: 20    Int: 10    God:    Gozag
Gold:   1412       SH:  5    Dex: 18    Spells: 9/9 levels left

rFire    . . .     SeeInvis +   a - +2 dagger (chaos)
rCold    . . .     Gourm    .   (shield restricted)
rNeg     . . .     Faith    .   y - +0 robe
rPois    .         Spirit   .   E - +2 hat
rElec    .         Reflect  +   m - +2 cloak
rCorr    .         Harm     .   (gloves unavailable)
MR       +....                  (boots unavailable)
Stlth    +++.......             c - +5 amulet of reflection
HPRegen  0.15/turn              w - ring of flight
MPRegen  0.18/turn              (no ring)

@: very quick
A: very small, unfitting armour, see invisible, herbivore, speed 3, slow
metabolism 2
a: Potion Petition, Call Merchant, Bribe Branch, Renounce Religion, Evoke Flight


You were on level 1 of the Orcish Mines.
You worshipped Gozag.
Gozag was most pleased with you.
You were not hungry.

You visited 3 branches of the dungeon, and saw 11 of its levels.

You collected 1530 gold pieces.
You paid 118 gold pieces to Gozag.

Inventory:

Hand Weapons
 a - a +2 dagger of chaos (weapon)
 b - a +3 hunting sling of velocity
Missiles
 g - 164 stones
 i - 8 tomahawks (quivered)
 n - 47 poisoned needles
 r - 67 sling bullets
 v - 3 throwing nets
 F - 2 tomahawks of dispersal
 J - 8 curare-tipped needles
 K - 3 tomahawks of returning
Armour
 m - a +2 cloak (worn)
 s - a +0 buckler
 y - a +0 robe (worn)
 E - a +2 hat (worn)
Jewellery
 c - a +5 amulet of reflection (around neck)
 w - a ring of flight (left hand)
Wands
 o - a wand of disintegration (3)
 q - a wand of acid (15)
 B - a wand of paralysis (6)
Scrolls
 e - 3 scrolls of fog {!r}
 k - a scroll of amnesia {!r}
 l - 3 scrolls of identify {!r}
 G - 2 scrolls of remove curse {!r}
Potions
 d - 3 potions of curing {!q}
 h - 2 potions of haste {!q}
 j - a potion of lignification {!q, unknown}
 p - a potion of flight {!q, unknown}
 t - 4 potions of heal wounds {!q}
 x - a potion of magic {!q, unknown}
 A - a potion of resistance {!q}
 I - a potion of might {!q}
Comestibles
 f - 9 rations


   Skills:
 - Level 1.5 Fighting
 + Level 3.7 Short Blades
 - Level 10.0 Throwing
 - Level 4.4 Dodging
 - Level 5.1 Stealth
 - Level 15.6 Evocations


You had 9 spell levels left.
You didn't know any spells.

Dungeon Overview and Level Annotations

Branches:
Dungeon (9/15)             Temple (1/1) D:6            Lair (0/6) D:9
    Orc (1/2) D:9

Altars:
Ashenzari
Cheibriados
Dithmenos
Elyvilon
Fedhas
Gozag
Hepliaklqana
Kikubaaqudgha
Makhleb
Nemelex Xobeh
Okawaru
Qazlal
Ru
Sif Muna
Trog
Uskayaw
Vehumet
Wu Jian
Xom
Yredelemnul
Zin
The Shining One

Shops:
D:8 [

Annotations:
D:9 1 runed door


Innate Abilities, Weirdness & Mutations

You are very small and have problems with some larger weapons.
You are too small for most types of armour.
You have supernaturally acute eyesight. (SInv)
You are a herbivore.
You cover ground extremely quickly.
You need to consume almost no food.


Message History

You hear a shout!
The orc warrior is distracted by the nearby gold.
You block the orc's attack.
The orc warrior shouts!
You hear a shout!
An orc warrior comes into view. It is wielding a halberd.
Evoke which item? (* to show all) (? for menu, Esc to quit)
Aiming: Paralyse
Press: ? - help, Shift-Dir - straight line, f - warg
Aim: a warg (chance to defeat MR: 65%)
The warg suddenly stops moving!
The orc wizard moves out of view.
The orc barely misses you.
Unknown command.
The helpless warg fails to defend itself.
You perforate the warg like a sieve!!!
You kill the warg!
The orc hits you with a club.
An orc comes into view. It is wielding a hand axe of chopping.
The orc completely misses you.
You closely miss the orc. The orc completely misses you.
You hit the orc.
The orc is lightly wounded.
The orc completely misses you.
You barely miss the orc.
The orc is lightly wounded.
You block the orc warrior's attack. The orc hits you but does no damage.
An orc warrior comes into view. It is wielding a battleaxe.
The orc warrior shouts!
You hit the orc.
The orc seems to slow down.
The orc is severely wounded.
You hear a shout!
You block the orc warrior's attack.
The orc warrior throws a poisoned tomahawk.
The poisoned tomahawk closely misses you.
The poisoned tomahawk misses the orc.
You swing at nothing.
The orc warrior throws a poisoned tomahawk.
You reflect the poisoned tomahawk off an invisible shield around you!
The poisoned tomahawk hits the orc warrior but does no damage.
The orc warrior is poisoned.
You hit the orc but do no damage.
The orc flickers and vanishes for a moment.
The orc is severely wounded.
The orc warrior throws a poisoned tomahawk.
The poisoned tomahawk completely misses you.
The poisoned tomahawk barely misses the orc.
The poisoned tomahawk barely misses the orc warrior.
The orc warrior completely misses you. The orc hits you with a club.
Found 12 gold pieces.
A troll comes into view.
The orc warrior shouts!
The orc is no longer moving slowly.
The orc warrior throws a poisoned tomahawk.
The poisoned tomahawk completely misses you.
The poisoned tomahawk barely misses the orc warrior.
The orc wizard begins to cast a cantrip, but forgets the words!
The troll moves out of view.
The orc warrior throws a tomahawk of returning.
The tomahawk of returning hits you!
* * * LOW HITPOINT WARNING * * *
The weapon returns to the orc warrior!
The orc warrior throws a poisoned tomahawk.
The poisoned tomahawk hits you!
You die...
Your body crumbles into a pile of gold.

#.#..#..# ......#......(
............(#
.$...#.....(.##
..............####
...............#.##
........o.........# .
#.....o.........# ..
#....@o....o....#
...#......#oTo....##
........#.##....o.# ..
.........o.###o.o### #.#
.........o.##...##.###...
....#....o(#$..##...#...
...###.....o..##.#......
...###.....o........#
...#.#..............#


You could see a troll, 6 orc warriors, 2 orc wizards and 3 orcs.

Vanquished Creatures
  An orc warlord (Orc:1)
  Pikel (D:5)
  Psyche (D:8)
  A troll (D:9)
  Prince Ribbit (D:8)
  Grinder (D:5)
  3 slime creatures (D:8)
  2 yaks (D:9)
  A warg (Orc:1)
  2 porcupines (D:9)
  A slave (D:5)
  3 orc warriors
  3 sky beasts
  A black bear (D:9)
  3 phantoms
  An eye of draining (D:9)
  An ogre (D:4)
  A crocodile (D:9)
  3 big kobolds (D:8)
  4 bullfrogs
  3 scorpions
  4 howler monkeys
  A crimson imp (D:6)
  10 jellies
  4 orc priests
  2 bullfrog skeletons
  3 hounds
  8 orc wizards
  A centaur skeleton (D:5)
  2 iguanas (D:8)
  Natasha (D:4)
  6 worker ants
  7 adders
  3 gnolls (D:9)
  6 oozes
  3 adder skeletons
  An adder zombie (D:8)
  5 worms
  2 dart slugs
  4 leopard geckos
  29 orcs
  A ball python (D:3)
  8 bats
  3 giant cockroaches
  3 goblins
  3 hobgoblins
  11 jackals
  10 quokkas
  3 frilled lizards
  11 kobolds
  A leopard gecko skeleton (D:4)
  6 rats
  2 fungi
  3 plants (D:9)
205 creatures vanquished.

Vanquished Creatures (others)
  A centaur zombie (D:5)
  16 fungi
  4 plants (D:9)
  5 toadstools (D:8)
26 creatures vanquished.

Grand Total: 231 creatures vanquished

Notes
Turn   | Place    | Note
-------+----------+-------------------------------------------
     0 | D:1      | Amnesiac the Spriggan Gladiator began the quest for the Orb.
     0 | D:1      | Reached XP level 1. HP: 10/10 MP: 2/2
     0 | D:1      | Noticed a tentacled monstrosity
     0 | D:1      | Noticed a shadow dragon
     1 | D:1      | Noticed a large abomination
     3 | D:1      | Noticed an iron dragon
     5 | D:1      | Noticed an orb of fire
     6 | D:1      | Noticed a tentacled monstrosity
     8 | D:1      | Noticed an iron dragon
    10 | D:1      | Noticed a purple draconian
    10 | D:1      | Noticed a shadow dragon
    12 | D:1      | Noticed a tentacled monstrosity
    13 | D:1      | Noticed an ice dragon
    14 | D:1      | Noticed an orb of fire
    14 | D:1      | Noticed an iron dragon
    16 | D:1      | Noticed a shadow dragon
    16 | D:1      | Noticed a shadow dragon
    16 | D:1      | Noticed an iron dragon
    18 | D:1      | Noticed an iron dragon
    18 | D:1      | Noticed an orb of fire
    22 | D:1      | Noticed a shadow dragon
   306 | D:3      | Found a faded altar of an unknown god.
   314 | D:3      | Became a worshipper of Elyvilon the Healer
   314 | D:3      | Reached * piety under Elyvilon
   319 | D:3      | Reached XP level 2. HP: 12/14 MP: 3/3
   889 | D:3      | Found a sacrificial altar of Ru.
   896 | D:3      | Reached XP level 3. HP: 8/18 MP: 4/4
  1026 | D:3      | Found a stormy altar of Qazlal.
  1026 | D:3      | Noticed an earth elemental
  1209 | D:3      | Noticed an air elemental
  1214 | D:3      | Noticed a water elemental
  1341 | D:3      | Reached ** piety under Elyvilon
  1579 | D:4      | Reached XP level 4. HP: 16/22 MP: 5/5
  1625 | D:4      | Noticed an ogre
  1657 | D:4      | Killed an ogre
  1657 | D:4      | Reached skill level 3 in Evocations
  1657 | D:4      | Reached XP level 5. HP: 8/25 MP: 5/8
  1830 | D:4      | Reached skill level 4 in Evocations
  2179 | D:4      | Reached skill level 5 in Throwing
  2204 | D:4      | Reached XP level 6. HP: 28/30 MP: 2/10
  2334 | D:4      | Reached skill level 5 in Evocations
  2399 | D:4      | Noticed Natasha
  2401 | D:4      | Killed Natasha
  2605 | D:5      | Entered Level 5 of the Dungeon
  2612 | D:5      | Found a radiant altar of Vehumet.
  2635 | D:5      | Reached *** piety under Elyvilon
  2746 | D:5      | Noticed a slave
  2756 | D:5      | Noticed Pikel
  2805 | D:5      | Killed a slave
  2937 | D:5      | Noticed a slave
  2957 | D:5      | Noticed a slave
  2957 | D:5      | Noticed a slave
  3174 | D:5      | Killed Pikel
  3174 | D:5      | Reached skill level 6 in Evocations
  3174 | D:5      | Reached XP level 7. HP: 17/33 MP: 10/13
  3216 | D:5      | Noticed Grinder
  3219 | D:5      | Killed Grinder
  3219 | D:5      | Reached skill level 7 in Evocations
  3219 | D:5      | Reached XP level 8. HP: 23/37 MP: 14/14
  3629 | D:6      | Found a staircase to the Ecumenical Temple.
  3672 | Temple   | Entered the Ecumenical Temple
  3917 | Temple   | Fell from the grace of Elyvilon
  3917 | Temple   | Became a worshipper of Gozag Ym Sagoz the Greedy
  4270 | D:2      | Found a hazy altar of Hepliaklqana.
  5506 | D:3      | Reached skill level 8 in Evocations
  6678 | D:7      | Reached skill level 9 in Evocations
  6678 | D:7      | Reached XP level 9. HP: 20/41 MP: 16/16
  6905 | D:7      | Found a shimmering altar of Xom.
  6905 | D:7      | Found a shimmering altar of Xom.
  6906 | D:7      | Found a shimmering altar of Xom.
  6906 | D:7      | Found a shimmering altar of Xom.
  6906 | D:7      | Found a shimmering altar of Xom.
  6906 | D:7      | Found a shimmering altar of Xom.
  6908 | D:7      | Found a shimmering altar of Xom.
  6908 | D:7      | Found a shimmering altar of Xom.
  7101 | D:8      | Reached skill level 10 in Throwing
  7315 | D:8      | Reached skill level 10 in Evocations
  7378 | D:8      | Found a shadowy altar of Dithmenos.
  7650 | D:8      | Found Saug's Antique Armour Shoppe.
  7709 | D:8      | Noticed Psyche
  7722 | D:8      | Killed Psyche
  7722 | D:8      | Reached skill level 5 in Stealth
  7810 | D:8      | Noticed Prince Ribbit
  7814 | D:8      | Killed Prince Ribbit
  7814 | D:8      | Reached skill level 11 in Evocations
  7912 | D:8      | Reached skill level 12 in Evocations
  8003 | D:8      | Reached XP level 10. HP: 21/46 MP: 20/20
  8452 | D:9      | Reached skill level 13 in Evocations
  8681 | D:9      | Found a staircase to the Lair.
  8754 | D:9      | Reached skill level 14 in Evocations
  9129 | D:9      | Found a staircase to the Orcish Mines.
  9202 | D:9      | Noticed a sixfirhy
  9203 | D:9      | Found a runed door.
  9627 | Orc:1    | Entered Level 1 of the Orcish Mines
  9825 | Orc:1    | Noticed an orc warlord
  9852 | Orc:1    | Killed an orc warlord
  9852 | Orc:1    | Reached skill level 15 in Evocations
  9870 | Orc:1    | Hit by a poisoned tomahawk thrown by an orc warrior

Vault maps used:
D:1:      shiori_arrival_whats_in_store_for_you
D:2:      nicolae_overflow_hidden_temple, roderic_serpentine_path,
          kennysheep_potato
D:3:      lemuel_crystal_altar, nicolae_qazlal_style_of_elements,
          chequers_ecumenical_altar_simple, first_ration
D:4:      uniq_natasha
D:5:      overflow_temple_1_default, uniq_grinder, uniq_pikel
D:6:      minmay_temple_entry_overgrown
D:7:      xom_shifter_show
D:8:      cheibrodos_fertilizer, serial_shops, shop, basic_altar, uniq_psyche,
          uniq_prince_ribbit1
D:9:      cheibrodos_shockbox, due_lair_maze_entry_diamond, orc_0_dummy
Temple:   dpeg_five_rooms_temple
Orc:1:    basic_altar

Skill      XL: |  1  2  3  4  5  6  7  8  9 10 |
---------------+-------------------------------+-----
Throwing       | 3 4 5 7 9 10 | 10.0
Evocations     | 3 4 6 7 9 12 15 | 15.6
Stealth        | 5 |  5.1
Fighting       | |  1.5
Short Blades   | |  3.7
Dodging        | |  4.4

Action                   |  1- 3 |  4- 6 |  7- 9 | 10-12 || total
-------------------------+-------+-------+-------+-------++-------
Melee: Rapier            |   172 |   147 |    15 |       ||   334
       Dagger            |       |       |     1 |    69 ||    70
 Fire: Hunting sling     |       |       |   505 |   168 ||   673
Throw: Tomahawk          |       |    13 |     1 |       ||    14
       Throwing net      |       |     5 |       |       ||     5
Invok: Lesser Healing    |     2 |    10 |       |       ||    12
Evoke: Wand              |       |    10 |    10 |     5 ||    25
  Use: Scroll            |       |       |    13 |       ||    13
       Potion            |       |       |     4 |       ||     4
 Stab: Sleeping          |     4 |     3 |       |       ||     7
       Held in net/web   |       |     1 |       |       ||     1
       Paralysed         |       |       |     5 |     6 ||    11
  Eat: Ration            |       |     2 |     1 |     2 ||     5
Armor: Robe              |    16 |    14 |    21 |     3 ||    54
Dodge: Dodged            |   139 |   102 |   124 |    47 ||   412
Block: Other             |       |       |    20 |    17 ||    37
       Reflection        |       |       |     1 |     2 ||     3

Table legend:
 A = Spawn XP
 B = Non-spawn XP
 C = Spawn XP percentage of total XP
 D = Spawn monster count
 E = Non-spawn monster count
 F = Spawn count percentage of total count
 G = Total turns spent on level
                    A         B        C        D         E        F      G
               +---------+---------+-------+---------+---------+-------+---------
         Total |       0 |    9849 |   0.0 |       0 |     199 |   0.0 |  9870
               +---------+---------+-------+---------+---------+-------+---------
           D:1 |       0 |      18 |   0.0 |       0 |       9 |   0.0 |   725
           D:2 |       0 |      48 |   0.0 |       0 |      25 |   0.0 |  1257
           D:3 |       0 |     191 |   0.0 |       0 |      30 |   0.0 |  1203
           D:4 |       0 |     445 |   0.0 |       0 |      23 |   0.0 |  1262
           D:5 |       0 |    1211 |   0.0 |       0 |       8 |   0.0 |   722
           D:6 |       0 |     355 |   0.0 |       0 |      15 |   0.0 |   678
           D:7 |       0 |     763 |   0.0 |       0 |      23 |   0.0 |   962
           D:8 |       0 |    2659 |   0.0 |       0 |      32 |   0.0 |  1270
           D:9 |       0 |    2347 |   0.0 |       0 |      28 |   0.0 |  1338
         Orc:1 |       0 |    1812 |   0.0 |       0 |       6 |   0.0 |   174
               +---------+---------+-------+---------+---------+-------+---------
